[Event "106th British-ch Major 2019"]
[Site "Torquay"]
[Date "2019.08.01"]
[Round "6.9"]
[White "Rushbrooke, Remy"]
[Black "Ethelontis, Alexandros N"]
[Result "1/2-1/2"]
[ECO "A46"]
[WhiteElo "1963"]
[BlackElo "2154"]
[Annotator "NA"]
[PlyCount "71"]
[EventDate "2019.07.27"]
[EventType "swiss"]
[EventCountry "GBR"]
[SourceTitle "playchess.com"]
[Source "ChessBase"]
[SourceQuality "1"]
[TimeControl "40/5400+30:1800+30"]

1. d4 e6 2. Nf3 Nf6 3. Bg5 h6 4. Bh4 g5 5. Bg3 Ne4 6. Nbd2 Nxg3 7. hxg3 Bg7 8. e3 d6 9. Bd3 Nc6 10. c4 Bd7 11. Ne4 Qe7 12. a3 a5 13. Rb1 b6 14. Nc3 g4 15. Nh4 Qg5 16. Ne4 Qh5 17. Kd2 a4 18. Nf5 Qxf5 19. Nxd6+ cxd6 20. Bxf5 exf5 21. b4 axb3 22. Qxb3 O-O 23. Qxb6 Rxa3 24. Qc7 Ra2+ 25. Kc3 Rd8 26. Ra1 Rxf2 27. Ra6 Re8 28. Re1 Nxd4 29. exd4 Rxe1 30. Qxd7 Re3+ 31. Kb4 Rb2+ 32. Ka4 Ra2+ 33. Kb4 Rb2+ 34. Ka4 Ra2+ 35. Kb4 Rb2+ 36. Ka4 1/2-1/2

[Event "106th British-ch Major 2019"]
[Site "Torquay"]
[Date "2019.08.01"]
[Round "6.10"]
[White "Miller, Dominic"]
[Black "Brown, Tom"]
[Result "1-0"]
[ECO "D42"]
[WhiteElo "2140"]
[BlackElo "1953"]
[Annotator "NA"]
[PlyCount "89"]
[EventDate "2019.07.27"]
[EventType "swiss"]
[EventCountry "GBR"]
[SourceTitle "playchess.com"]
[Source "ChessBase"]
[SourceQuality "1"]
[TimeControl "40/5400+30:1800+30"]

1. e4 c6 2. d4 d5 3. exd5 cxd5 4. c4 Nf6 5. Nc3 e6 6. Nf3 Be7 7. cxd5 Nxd5 8. Bd3 Nc6 9. O-O O-O 10. Re1 Bf6 11. a3 Nce7 12. Ne4 b6 13. Nxf6+ Nxf6 14. Bg5 Ned5 15. Ne5 h6 16. Bh4 Bb7 17. Qd2 Qd6 18. Rad1 Rac8 19. Bg3 Qe7 20. Qe2 Rfd8 21. Bb5 Qf8 22. h3 Ne7 23. Bh4 g5 24. Bg3 Nf5 25. Ng4 Nxg4 26. Qxg4 Nxg3 27. Qxg3 Rc2 28. b4 Qd6 29. Re5 Kf8 30. h4 f6 31. Qb3 fxe5 32. Qxc2 Qd5 33. Bf1 Qe4 34. Qc7 Rxd4 35. Qb8+ Kg7 36. Qc7+ Kf8 37. Rc1 Qd5 38. Qb8+ Kg7 39. Rc7+ Kg6 40. Qg8+ Kh5 41. Qf7+ Kxh4 42. g3+ Kg4 43. Be2+ Kh3 44. Qh5+ Rh4 45. Bg4# 1-0

[Event "106th British-ch Major 2019"]
[Site "Torquay"]
[Date "2019.08.01"]
[Round "6.11"]
[White "Shaw, Peter"]
[Black "Ward, Andy"]
[Result "1/2-1/2"]
[ECO "A96"]
[WhiteElo "2068"]
[BlackElo "1822"]
[Annotator "NA"]
[PlyCount "86"]
[EventDate "2019.07.27"]
[EventType "swiss"]
[EventCountry "GBR"]
[SourceTitle "playchess.com"]
[Source "ChessBase"]
[SourceQuality "1"]
[TimeControl "40/5400+30:1800+30"]

1. d4 e6 2. Nf3 f5 3. g3 Nf6 4. Bg2 Be7 5. O-O O-O 6. c4 d6 7. Nc3 Ne4 8. Nxe4 fxe4 9. Nd2 d5 10. f3 Nc6 11. fxe4 Rxf1+ 12. Kxf1 dxc4 13. Nf3 b5 14. Be3 Qe8 15. d5 Nb4 16. a3 Na6 17. a4 Bb7 18. axb5 Nc5 19. Nd4 exd5 20. exd5 Qf7+ 21. Kg1 Bxd5 22. Bxd5 Qxd5 23. Nc6 Qxd1+ 24. Rxd1 Bd6 25. Bf4 Bxf4 26. gxf4 a6 27. Ra1 Kf7 28. Kf2 Ke6 29. Kf3 a5 30. e4 Nd3 31. Ke3 Nxb2 32. Kd4 a4 33. Ra3 Nd3 34. f5+ Kf6 35. Kxc4 Ne5+ 36. Kd5 Nxc6 37. Kxc6 Ra7 38. Kd5 Ra5 39. Kd4 g6 40. fxg6 hxg6 41. Kc5 Ke5 42. Kc6 Kxe4 43. Kxc7 Rxb5 1/2-1/2

[Event "106th British-ch Major 2019"]
[Site "Torquay"]
[Date "2019.08.01"]
[Round "6.12"]
[White "Taylor, William J"]
[Black "Modi, Kishan J"]
[Result "1-0"]
[ECO "B76"]
[WhiteElo "2062"]
[BlackElo "1923"]
[Annotator "NA"]
[PlyCount "89"]
[EventDate "2019.07.27"]
[EventType "swiss"]
[EventCountry "GBR"]
[SourceTitle "playchess.com"]
[Source "ChessBase"]
[SourceQuality "1"]
[TimeControl "40/5400+30:1800+30"]

1. e4 c5 2. Nf3 d6 3. d4 cxd4 4. Nxd4 Nf6 5. Nc3 g6 6. Be2 Bg7 7. Be3 O-O 8. Qd2 Nc6 9. O-O-O Bd7 10. f3 Rc8 11. g4 Ne5 12. h4 h5 13. gxh5 Nxh5 14. Rhg1 Nc4 15. Bxc4 Rxc4 16. Rg5 Bf6 17. Rxh5 gxh5 18. Rg1+ Kh7 19. Qd3 Rxc3 20. bxc3 e5 21. Nf5 Bxf5 22. exf5 Qa5 23. Bg5 Qxa2 24. Kd2 Bxg5+ 25. hxg5 Qa6 26. Qxa6 bxa6 27. Rh1 Kg7 28. Rxh5 a5 29. c4 Rc8 30. Kd3 a4 31. Rh1 Rc6 32. Ra1 Ra6 33. Kc3 Kh7 34. Rh1+ Kg7 35. Ra1 Kh7 36. Ra3 Rc6 37. Rxa4 d5 38. Kd3 dxc4+ 39. Rxc4 Ra6 40. Rc7 Kg8 41. Ke4 Ra3 42. c3 Ra5 43. c4 f6 44. gxf6 Ra4 45. Kxe5 1-0

[Event "106th British-ch Major 2019"]
[Site "Torquay"]
[Date "2019.08.01"]
[Round "6.13"]
[White "Metcalfe, Charlie P"]
[Black "Balaji, Aaravamudhan"]
[Result "0-1"]
[ECO "E94"]
[WhiteElo "1739"]
[BlackElo "2034"]
[Annotator "NA"]
[PlyCount "74"]
[EventDate "2019.07.27"]
[EventType "swiss"]
[EventCountry "GBR"]
[SourceTitle "playchess.com"]
[Source "ChessBase"]
[SourceQuality "1"]
[TimeControl "40/5400+30:1800+30"]

1. d4 Nf6 2. Nf3 g6 3. c4 Bg7 4. Nc3 d6 5. e4 O-O 6. Be2 Nbd7 7. O-O e5 8. Be3 Ng4 9. Bg5 f6 10. Bd2 Nh6 11. Qc2 Nf7 12. Be3 c6 13. Rfd1 Qe7 14. b4 Nd8 15. d5 f5 16. c5 f4 17. dxc6 bxc6 18. Bc4+ Kh8 19. cxd6 Qf6 20. Bc5 g5 21. Nd2 g4 22. Nb3 Qh4 23. g3 Qh5 24. b5 Rf6 25. bxc6 Nxc6 26. Nd5 Rh6 27. Ne7 Qxh2+ 28. Kf1 Nxc5 29. Nxc6 Qh1+ 30. Ke2 Qf3+ 31. Ke1 Nxe4 32. d7 Bxd7 33. Rxd7 Rh1+ 34. Bf1 fxg3 35. Rd2 Rxf1+ 36. Kxf1 g2+ 37. Kg1 Qh3 0-1

[Event "106th British-ch Major 2019"]
[Site "Torquay"]
[Date "2019.08.01"]
[Round "6.14"]
[White "Sheerin, Alex"]
[Black "Warren, Alex M"]
[Result "1/2-1/2"]
[ECO "D00"]
[WhiteElo "1845"]
[BlackElo "1967"]
[Annotator "NA"]
[PlyCount "80"]
[EventDate "2019.07.27"]
[EventType "swiss"]
[EventCountry "GBR"]
[SourceTitle "playchess.com"]
[Source "ChessBase"]
[SourceQuality "1"]
[TimeControl "40/5400+30:1800+30"]

1. d4 Nf6 2. Nc3 d5 3. Bf4 g6 4. Qd2 Bf5 5. f3 h5 6. O-O-O Bg7 7. h4 a6 8. Nh3 c5 9. dxc5 Nc6 10. Nxd5 Nxd5 11. Qxd5 Qa5 12. Ng5 O-O 13. Bd2 Qb5 14. Qb3 Qxc5 15. e4 Nd4 16. Qc4 Qe5 17. Bc3 Qf4+ 18. Kb1 Be6 19. Nxe6 Nxe6 20. Bxg7 Kxg7 21. Qb4 Rfd8 22. Bc4 Qxh4 23. Bxe6 fxe6 24. Rdg1 Qf6 25. g4 Rd4 26. Qc5 b6 27. Qxb6 hxg4 28. Rxg4 Rad8 29. Rgg1 Qxf3 30. b3 Rd1+ 31. Rxd1 Rxd1+ 32. Rxd1 Qxd1+ 33. Kb2 Qd6 34. Qe3 Qe5+ 35. c3 g5 36. Kc2 g4 37. Kd3 Kg6 38. c4 Qd6+ 39. Kc3 Qe5+ 40. Kd3 Qd6+ 1/2-1/2

[Event "106th British-ch Major 2019"]
[Site "Torquay"]
[Date "2019.08.01"]
[Round "6.15"]
[White "Ifalore, Michael"]
[Black "Price, Gwilym T"]
[Result "0-1"]
[ECO "A26"]
[WhiteElo "1907"]
[BlackElo "2138"]
[Annotator "NA"]
[PlyCount "66"]
[EventDate "2019.07.27"]
[EventType "swiss"]
[EventCountry "GBR"]
[SourceTitle "playchess.com"]
[Source "ChessBase"]
[SourceQuality "1"]
[TimeControl "40/5400+30:1800+30"]

1. c4 g6 2. g3 Bg7 3. Bg2 d6 4. Nc3 e5 5. e4 Nc6 6. Nge2 Nge7 7. O-O O-O 8. d3 f5 9. Be3 Be6 10. Nd5 Qd7 11. Rb1 Rab8 12. b4 a6 13. a4 h6 14. b5 axb5 15. axb5 Nd8 16. f4 Nf7 17. d4 fxe4 18. Bxe4 Nxd5 19. cxd5 Bf5 20. Qc2 Rbe8 21. Bxf5 Qxf5 22. Qxc7 Qd3 23. Bf2 Qxe2 24. Rfe1 Qf3 25. dxe5 Ng5 26. Rb2 Nh3+ 27. Kf1 Bxe5 28. Rxe5 Rxe5 29. fxe5 Qh1+ 30. Ke2 Rxf2+ 31. Ke3 Qe1+ 32. Kd3 Qd1+ 33. Ke4 Ng5+ 0-1

[Event "106th British-ch Major 2019"]
[Site "Torquay"]
[Date "2019.08.01"]
[Round "6.16"]
[White "Eames, Robert S"]
[Black "Pink, Joshua"]
[Result "1-0"]
[ECO "B12"]
[WhiteElo "2136"]
[BlackElo "1907"]
[Annotator "NA"]
[PlyCount "51"]
[EventDate "2019.07.27"]
[EventType "swiss"]
[EventCountry "GBR"]
[SourceTitle "playchess.com"]
[Source "ChessBase"]
[SourceQuality "1"]
[TimeControl "40/5400+30:1800+30"]

1. e4 c6 2. d4 d5 3. e5 c5 4. dxc5 e6 5. a3 Bxc5 6. b4 Be7 7. Nf3 Nc6 8. Bd3 Qc7 9. Bb2 Bd7 10. O-O Nh6 11. Qe2 g6 12. Nbd2 Nf5 13. c4 O-O 14. Rac1 Qd8 15. Rfd1 f6 16. cxd5 exd5 17. e6 Be8 18. Bxf5 gxf5 19. Nh4 Bg6 20. Nc4 f4 21. Nxg6 hxg6 22. Qg4 g5 23. Qf5 Kg7 24. Qxg5+ Kh7 25. Qh5+ Kg7 26. Rxd5 1-0

[Event "106th British-ch Major 2019"]
[Site "Torquay"]
[Date "2019.08.01"]
[Round "6.17"]
[White "Rice, Chris B"]
[Black "Salmons, Calum"]
[Result "1/2-1/2"]
[ECO "A36"]
[WhiteElo "2040"]
[BlackElo "1898"]
[Annotator "NA"]
[PlyCount "48"]
[EventDate "2019.07.27"]
[EventType "swiss"]
[EventCountry "GBR"]
[SourceTitle "playchess.com"]
[Source "ChessBase"]
[SourceQuality "1"]
[TimeControl "40/5400+30:1800+30"]

1. c4 c5 2. g3 g6 3. Bg2 Bg7 4. Nc3 Nc6 5. a3 e6 6. b4 Nxb4 7. axb4 cxb4 8. d4 bxc3 9. Ba3 Ne7 10. e3 d5 11. cxd5 Nxd5 12. Ne2 Bf8 13. Bxf8 Kxf8 14. Qb3 Kg7 15. O-O b6 16. e4 Nf6 17. e5 Nd5 18. Nxc3 Bb7 19. Nb5 a6 20. Nd6 Qe7 21. Rfc1 b5 22. Rc5 Rhd8 23. Rac1 Rxd6 24. exd6 Qxd6 1/2-1/2

[Event "106th British-ch Major 2019"]
[Site "Torquay"]
[Date "2019.08.01"]
[Round "6.18"]
[White "Menadue, Jeremy Fs"]
[Black "Garnett, John S"]
[Result "1-0"]
[ECO "D11"]
[WhiteElo "2016"]
[BlackElo "1885"]
[Annotator "NA"]
[PlyCount "55"]
[EventDate "2019.07.27"]
[EventType "swiss"]
[EventCountry "GBR"]
[SourceTitle "playchess.com"]
[Source "ChessBase"]
[SourceQuality "1"]
[TimeControl "40/5400+30:1800+30"]

1. d4 d5 2. Nf3 Nf6 3. c4 c6 4. e3 Bg4 5. Nc3 e6 6. h3 Bxf3 7. Qxf3 Nbd7 8. Bd3 Bd6 9. O-O O-O 10. cxd5 cxd5 11. e4 dxe4 12. Nxe4 Be7 13. Ng5 Re8 14. Bxh7+ Kf8 15. Bg6 Qb6 16. Bxf7 Rec8 17. Bxe6 Ke8 18. Bf7+ Kf8 19. Bb3 g6 20. Be3 Qa5 21. Qxb7 Rab8 22. Qf3 Kg7 23. Ne6+ Kh7 24. Nc5 Rf8 25. Ne6 Rfc8 26. d5 Ne5 27. Qf4 Nf7 28. Bd4 1-0

[Event "106th British-ch Major 2019"]
[Site "Torquay"]
[Date "2019.08.01"]
[Round "6.19"]
[White "Roy, Ali"]
[Black "Akeya-Price, Robert A"]
[Result "0-1"]
[ECO "B10"]
[WhiteElo "1871"]
[BlackElo "1974"]
[Annotator "NA"]
[PlyCount "78"]
[EventDate "2019.07.27"]
[EventType "swiss"]
[EventCountry "GBR"]
[SourceTitle "playchess.com"]
[Source "ChessBase"]
[SourceQuality "1"]
[TimeControl "40/5400+30:1800+30"]

1. Nf3 d5 2. g3 c6 3. Bg2 Bg4 4. O-O Nd7 5. d3 e5 6. Nbd2 Bd6 7. e4 Ngf6 8. Qe1 O-O 9. h3 Bxf3 10. Nxf3 Re8 11. Nh4 Qb6 12. b3 a5 13. a4 Bb4 14. Bd2 g6 15. Kh1 Rad8 16. exd5 Nxd5 17. Nf3 Qc5 18. c4 Bxd2 19. Qxd2 Nb4 20. d4 Qf8 21. Rad1 exd4 22. Nxd4 Ne5 23. Qc3 Qg7 24. Nc2 Ned3 25. Qd2 Qf6 26. Nxb4 Nxf2+ 27. Qxf2 Qxf2 28. Rxf2 Rxd1+ 29. Bf1 axb4 30. Kg2 Re3 31. c5 Kg7 32. Bc4 f6 33. Ra2 Re5 34. a5 Rxc5 35. Ra4 Rxc4 36. bxc4 c5 37. a6 bxa6 38. Rxa6 Rc1 39. Ra7+ Kh6 0-1

[Event "106th British-ch Major 2019"]
[Site "Torquay"]
[Date "2019.08.01"]
[Round "6.20"]
[White "Cusick, Peter W"]
[Black "Liu, Jack"]
[Result "1-0"]
[ECO "E69"]
[WhiteElo "1971"]
[BlackElo "1259"]
[Annotator "NA"]
[PlyCount "69"]
[EventDate "2019.07.27"]
[EventType "swiss"]
[EventCountry "GBR"]
[SourceTitle "playchess.com"]
[Source "ChessBase"]
[SourceQuality "1"]
[TimeControl "40/5400+30:1800+30"]

1. d4 Nf6 2. Nf3 g6 3. g3 Bg7 4. Bg2 O-O 5. c4 d6 6. O-O Nbd7 7. Nc3 e5 8. h3 c6 9. e4 Qe7 10. Re1 Rd8 11. Bg5 h6 12. Be3 Kh7 13. Qc2 exd4 14. Nxd4 Ne5 15. b3 a6 16. Rad1 c5 17. Nde2 Be6 18. Nf4 Rac8 19. Kh2 Qc7 20. Re2 Rd7 21. Red2 Rcd8 22. Nfe2 Nc6 23. f4 Re7 24. Bf2 Ne8 25. f5 Bc8 26. Nd5 Qd7 27. Nxe7 Qxe7 28. Nf4 Be5 29. Kg1 Qg5 30. h4 Qg4 31. fxg6+ fxg6 32. Bh3 Qf3 33. Bxc8 Rxc8 34. Qd3 Qg4 35. Qe2 1-0

[Event "106th British-ch Major 2019"]
[Site "Torquay"]
[Date "2019.08.01"]
[Round "6.21"]
[White "Rathbone-Jones, Ifan"]
[Black "Fathallah, Joe"]
[Result "1-0"]
[ECO "C01"]
[WhiteElo "1855"]
[BlackElo "1952"]
[Annotator "NA"]
[PlyCount "37"]
[EventDate "2019.07.27"]
[EventType "swiss"]
[EventCountry "GBR"]
[SourceTitle "playchess.com"]
[Source "ChessBase"]
[SourceQuality "1"]
[TimeControl "40/5400+30:1800+30"]

1. e4 e6 2. d4 d5 3. exd5 exd5 4. Nf3 Nf6 5. c4 Bb4+ 6. Nc3 O-O 7. Be2 Ne4 8. Qb3 Qe7 9. Be3 Re8 10. O-O Bxc3 11. bxc3 dxc4 12. Bxc4 Nc6 13. Ne5 Nxe5 14. dxe5 Be6 15. Bxe6 Qxe6 16. Qxb7 Qxe5 17. Bd4 Qa5 18. Rae1 Nxc3 19. Qc6 1-0

[Event "106th British-ch Major 2019"]
[Site "Torquay"]
[Date "2019.08.01"]
[Round "6.22"]
[White "Hosdurga, Chirag"]
[Black "Tombolis, Christopher"]
[Result "1-0"]
[ECO "D32"]
[WhiteElo "1926"]
[BlackElo "1883"]
[Annotator "NA"]
[PlyCount "89"]
[EventDate "2019.07.27"]
[EventType "swiss"]
[EventCountry "GBR"]
[SourceTitle "playchess.com"]
[Source "ChessBase"]
[SourceQuality "1"]
[TimeControl "40/5400+30:1800+30"]

1. Nf3 d5 2. e3 Nf6 3. c4 e6 4. b3 Be7 5. Bb2 O-O 6. Nc3 c5 7. cxd5 exd5 8. d4 Bf5 9. Be2 Nc6 10. O-O Re8 11. Rc1 cxd4 12. Nxd4 Bd7 13. Bf3 Rc8 14. Nxd5 Ne5 15. Nxe7+ Qxe7 16. Bxb7 Rxc1 17. Bxc1 Bg4 18. Bf3 Nxf3+ 19. Nxf3 Rd8 20. Qe2 Ne4 21. h3 Nc3 22. Qc4 Bxf3 23. Qxc3 Qg5 24. g3 Qh5 25. Qc7 Qd5 26. Bb2 Bh1 27. f3 Re8 28. Kxh1 Qe6 29. Kg2 Qxe3 30. Qc3 Qg5 31. Rf2 h5 32. h4 Qg6 33. Qc5 f6 34. Qxa7 Qb1 35. Qd4 Re1 36. Qc4+ Kf8 37. Ba3+ Ke8 38. Re2+ Rxe2+ 39. Qxe2+ Kf7 40. Bc5 Qc1 41. b4 g5 42. hxg5 fxg5 43. Be3 Qb1 44. Bxg5 Qxb4 45. Qe7+ 1-0

[Event "106th British-ch Major 2019"]
[Site "Torquay"]
[Date "2019.08.01"]
[Round "6.23"]
[White "Howell, Oliver W"]
[Black "Cocks, Elliot"]
[Result "0-1"]
[ECO "A25"]
[WhiteElo "1797"]
[BlackElo "1907"]
[Annotator "NA"]
[PlyCount "60"]
[EventDate "2019.07.27"]
[EventType "swiss"]
[EventCountry "GBR"]
[SourceTitle "playchess.com"]
[Source "ChessBase"]
[SourceQuality "1"]
[TimeControl "40/5400+30:1800+30"]

1. Nf3 g6 2. c4 Bg7 3. g3 e5 4. Nc3 Nc6 5. Bg2 d6 6. O-O Nge7 7. a3 Be6 8. d3 h6 9. Qc2 O-O 10. Rb1 Qd7 11. b4 a6 12. a4 a5 13. b5 Nb4 14. Qd2 c5 15. bxc6 bxc6 16. Ne1 d5 17. cxd5 cxd5 18. Ba3 Nec6 19. Nc2 Rfb8 20. Nb5 Bf8 21. Na1 Na7 22. Nxa7 Rxa7 23. Rfc1 Qxa4 24. Qe3 Rab7 25. Bxb4 Rxb4 26. Rxb4 axb4 27. Qxe5 Rc8 28. Qb2 Rxc1+ 29. Qxc1 b3 30. d4 b2 0-1

[Event "106th British-ch Major 2019"]
[Site "Torquay"]
[Date "2019.08.01"]
[Round "6.24"]
[White "Gray, Edward"]
[Black "Young, Daniel J"]
[Result "1/2-1/2"]
[ECO "B23"]
[WhiteElo "1757"]
[BlackElo "1971"]
[Annotator "NA"]
[PlyCount "66"]
[EventDate "2019.07.27"]
[EventType "swiss"]
[EventCountry "GBR"]
[SourceTitle "playchess.com"]
[Source "ChessBase"]
[SourceQuality "1"]
[TimeControl "40/5400+30:1800+30"]

1. e4 c5 2. Nc3 g6 3. f4 Bg7 4. Nf3 Nc6 5. Bb5 Nd4 6. Bc4 e6 7. O-O Ne7 8. Nxd4 cxd4 9. Ne2 O-O 10. d3 d5 11. Bb3 b6 12. Ng3 a5 13. a3 a4 14. Ba2 Bd7 15. exd5 exd5 16. Bd2 Re8 17. Bb4 Nf5 18. Nxf5 Bxf5 19. Qf3 Rc8 20. Rf2 Be6 21. Re2 Qd7 22. h3 h5 23. Rae1 Bf6 24. Kh2 Kg7 25. f5 Bxf5 26. Qxd5 Qxd5 27. Bxd5 Re3 28. Bd2 Rxe2 29. Rxe2 Rc5 30. Ba2 Be5+ 31. Kg1 f6 32. Bb4 Rc7 33. Bc4 Kh6 1/2-1/2

[Event "106th British-ch Major 2019"]
[Site "Torquay"]
[Date "2019.08.01"]
[Round "6.25"]
[White "Chapman, Matt"]
[Black "Kirupakaran, Vishnu"]
[Result "1-0"]
[ECO "B90"]
[WhiteElo "1957"]
[BlackElo "1771"]
[Annotator "NA"]
[PlyCount "83"]
[EventDate "2019.07.27"]
[EventType "swiss"]
[EventCountry "GBR"]
[SourceTitle "playchess.com"]
[Source "ChessBase"]
[SourceQuality "1"]
[TimeControl "40/5400+30:1800+30"]

1. e4 c5 2. Nf3 d6 3. d4 cxd4 4. Nxd4 Nf6 5. Nc3 a6 6. h3 e5 7. Nde2 h5 8. Bg5 Be6 9. Bxf6 Qxf6 10. Nd5 Qd8 11. Nec3 g6 12. Bc4 Bh6 13. O-O O-O 14. Qd3 Nc6 15. Bb3 Rc8 16. Na4 b5 17. Nac3 Nd4 18. a4 Rb8 19. axb5 axb5 20. Ne2 Nxb3 21. Qxb3 Qg5 22. Rad1 Rfc8 23. Kh1 Qh4 24. Ng3 Rc4 25. Qd3 Kg7 26. c3 f5 27. Ne3 Bxe3 28. Qxe3 Rd8 29. exf5 gxf5 30. f4 e4 31. Ne2 b4 32. Nd4 Bd7 33. cxb4 Rb8 34. b5 Qf6 35. b3 Rc5 36. Ra1 Bxb5 37. Ra7+ Kh6 38. Rfa1 Rd5 39. Nxb5 Rd3 40. Qc1 Rxb5 41. Qc7 Qg6 42. Qd8 1-0

[Event "106th British-ch Major 2019"]
[Site "Torquay"]
[Date "2019.08.01"]
[Round "6.26"]
[White "Nayak, Raghav"]
[Black "Sanitt, Ethan"]
[Result "1-0"]
[ECO "A00"]
[WhiteElo "1906"]
[BlackElo "1752"]
[Annotator "NA"]
[PlyCount "75"]
[EventDate "2019.07.27"]
[EventType "swiss"]
[EventCountry "GBR"]
[SourceTitle "playchess.com"]
[Source "ChessBase"]
[SourceQuality "1"]
[TimeControl "40/5400+30:1800+30"]

1. a3 Nf6 2. Nf3 d5 3. g3 c5 4. Bg2 Nc6 5. O-O e5 6. d3 Be7 7. e4 dxe4 8. dxe4 Qxd1 9. Rxd1 Bg4 10. Re1 Rd8 11. Nbd2 O-O 12. c3 Rd3 13. h3 Bxf3 14. Nxf3 c4 15. Be3 Rd7 16. Bf1 Nxe4 17. Bxc4 Kh8 18. Bb5 f6 19. Bxa7 Nd2 20. Kg2 Nxf3 21. Kxf3 Rd2 22. Bxc6 bxc6 23. Rab1 h5 24. Be3 Rd7 25. Red1 Rb7 26. b4 f5 27. a4 f4 28. gxf4 g5 29. a5 gxf4 30. Bb6 Bf6 31. Ke4 Bg7 32. f3 Kh7 33. Rd6 Rc8 34. Rbd1 Rf7 35. Rd8 Rxd8 36. Rxd8 Bf6 37. Rd6 Kg6 38. Bd8 1-0

[Event "106th British-ch Major 2019"]
[Site "Torquay"]
[Date "2019.08.01"]
[Round "6.27"]
[White "Paulden, Tim"]
[Black "Rushbrooke, Tibo"]
[Result "0-1"]
[ECO "A01"]
[WhiteElo "1902"]
[BlackElo "1700"]
[Annotator "NA"]
[PlyCount "88"]
[EventDate "2019.07.27"]
[EventType "swiss"]
[EventCountry "GBR"]
[SourceTitle "playchess.com"]
[Source "ChessBase"]
[SourceQuality "1"]
[TimeControl "40/5400+30:1800+30"]

1. b3 e5 2. Bb2 Nc6 3. e3 d6 4. c4 g6 5. Ne2 Bg7 6. d4 f5 7. g3 Nf6 8. Bg2 O-O 9. a3 Qe8 10. d5 Nd8 11. Nbc3 Nf7 12. Qc2 e4 13. Nb5 Qe7 14. h4 a6 15. Nbd4 Ne5 16. Nf4 Nfg4 17. O-O-O c5 18. Nde6 Bxe6 19. dxe6 Rab8 20. Rd5 b5 21. cxb5 axb5 22. Rhd1 c4 23. Bf1 Nd3+ 24. Bxd3 cxd3 25. Qd2 Rfc8+ 26. Kb1 Rc2 27. Qxc2 dxc2+ 28. Kxc2 Bxb2 29. Kxb2 Nxf2 30. R1d2 Nd3+ 31. Nxd3 exd3 32. R2xd3 Qxe6 33. Rxd6 Qe5+ 34. R6d4 Rd8 35. Kc3 Rc8+ 36. Kd2 Qxg3 37. Rd8+ Rxd8 38. Rxd8+ Kg7 39. Rd4 h6 40. a4 bxa4 41. bxa4 g5 42. hxg5 hxg5 43. a5 Qe5 44. Ra4 Qb5 0-1

[Event "106th British-ch Major 2019"]
[Site "Torquay"]
[Date "2019.08.01"]
[Round "6.28"]
[White "Camp, Imogen Al"]
[Black "Hilton, Tim"]
[Result "1-0"]
[ECO "A84"]
[WhiteElo "1850"]
[BlackElo "1892"]
[Annotator "NA"]
[PlyCount "87"]
[EventDate "2019.07.27"]
[EventType "swiss"]
[EventCountry "GBR"]
[SourceTitle "playchess.com"]
[Source "ChessBase"]
[SourceQuality "1"]
[TimeControl "40/5400+30:1800+30"]

1. d4 e6 2. Nf3 f5 3. Bf4 Nf6 4. c4 b6 5. e3 Bb7 6. Bd3 d6 7. Nc3 Nbd7 8. Qc2 Nh5 9. Bg5 Be7 10. Bxe7 Qxe7 11. d5 Nc5 12. Be2 exd5 13. Nxd5 Bxd5 14. cxd5 Qe4 15. Bb5+ Ke7 16. Qd2 a6 17. Bc6 Nd3+ 18. Kf1 Nb4 19. Bxa8 Rxa8 20. Ng5 Qc4+ 21. Qe2 Qxe2+ 22. Kxe2 h6 23. Nf3 Nxd5 24. Rhd1 Nhf6 25. Nd4 g6 26. Nc6+ Kd7 27. Rac1 Re8 28. Kf1 a5 29. Nd4 f4 30. exf4 Nxf4 31. Nb5 N4d5 32. Rd2 Re4 33. Rcd1 Re5 34. Nd4 Ne4 35. Re2 Nf4 36. Re3 Nd5 37. Rh3 h5 38. a3 Ng5 39. Rg3 h4 40. Rg4 c5 41. Ne2 Rf5 42. Kg1 Re5 43. Nc1 h3 44. f4 1-0

[Event "106th British-ch Major 2019"]
[Site "Torquay"]
[Date "2019.08.01"]
[Round "6.29"]
[White "Miller, George I"]
[Black "Robertson, Jim"]
[Result "0-1"]
[ECO "B13"]
[WhiteElo "1891"]
[BlackElo "1580"]
[Annotator "NA"]
[PlyCount "122"]
[EventDate "2019.07.27"]
[EventType "swiss"]
[EventCountry "GBR"]
[SourceTitle "playchess.com"]
[Source "ChessBase"]
[SourceQuality "1"]
[TimeControl "40/5400+30:1800+30"]

1. e4 c6 2. d4 d5 3. exd5 cxd5 4. Bd3 Nc6 5. c3 Qc7 6. h3 e6 7. Nf3 Bd6 8. O-O Nf6 9. Re1 O-O 10. Bg5 Nd7 11. Qc2 g6 12. Nbd2 e5 13. dxe5 Ndxe5 14. Bf6 Nxd3 15. Qxd3 Be6 16. Nb3 Qd7 17. Qe3 Rfe8 18. Qh6 Bf8 19. Qh4 Bg7 20. Bg5 Bf8 21. Rad1 Be7 22. Nbd4 Nxd4 23. Rxd4 Qd8 24. a3 Rc8 25. Bxe7 Rxe7 26. Ng5 h5 27. Qg3 Qc7 28. Rf4 Bf5 29. Rd1 Qd6 30. Qh4 Rce8 31. Nf3 Re4 32. Rxe4 Rxe4 33. Qg5 Kg7 34. Qd2 Be6 35. Ng5 Re5 36. Qd4 Kg8 37. Ne4 Qc7 38. Ng3 Bd7 39. Qxa7 Bc6 40. Qd4 Qe7 41. f4 Re3 42. Rd3 Re1+ 43. Kh2 h4 44. Nh1 Re4 45. Qf2 Re2 46. Qd4 Qe4 47. Qxe4 dxe4 48. Rd8+ Kg7 49. Kg1 e3 50. Rd3 Be4 51. Rd4 Bc2 52. Kf1 Rd2 53. b4 Rxd4 54. cxd4 Bd3+ 55. Ke1 b5 56. g3 Be4 57. gxh4 Bxh1 58. Ke2 Kf6 59. Kxe3 Kf5 60. h5 gxh5 61. Kd3 Kxf4 0-1

[Event "106th British-ch Major 2019"]
[Site "Torquay"]
[Date "2019.08.01"]
[Round "6.30"]
[White "Wilson, Matthew R"]
[Black "Whitehead, Mark A"]
[Result "1/2-1/2"]
[ECO "B50"]
[WhiteElo "1817"]
[BlackElo "1887"]
[Annotator "NA"]
[PlyCount "81"]
[EventDate "2019.07.27"]
[EventType "swiss"]
[EventCountry "GBR"]
[SourceTitle "playchess.com"]
[Source "ChessBase"]
[SourceQuality "1"]
[TimeControl "40/5400+30:1800+30"]

1. e4 c5 2. Nf3 e6 3. b3 d6 4. Bb2 Nf6 5. e5 dxe5 6. Nxe5 Nbd7 7. Qe2 Be7 8. d3 O-O 9. Nd2 Nxe5 10. Qxe5 Ne8 11. O-O-O b6 12. d4 Qc7 13. Bd3 Bb7 14. dxc5 Qxe5 15. Bxe5 Bxc5 16. Be4 Bxe4 17. Nxe4 Ba3+ 18. Bb2 Bxb2+ 19. Kxb2 h6 20. Rhe1 Rc8 21. Rd7 Rc7 22. Red1 f5 23. Nc3 Rf7 24. Rd8 Rce7 25. Ra8 Kh7 26. Nb5 Nc7 27. Nxc7 Rxc7 28. Re8 Rfe7 29. Rdd8 Kg6 30. f4 Rxe8 31. Rxe8 Kf7 32. Ra8 g5 33. g3 a5 34. c4 Kg6 35. Rb8 Rc6 36. Kc3 Rd6 37. c5 bxc5 38. Rb5 gxf4 39. gxf4 Rd4 40. Rxc5 Rxf4 41. Rxa5 1/2-1/2

[Event "106th British-ch Major 2019"]
[Site "Torquay"]
[Date "2019.08.01"]
[Round "6.31"]
[White "Sheikh, Anum"]
[Black "Mueller, Jens"]
[Result "0-1"]
[ECO "B06"]
[WhiteElo "1693"]
[BlackElo "1965"]
[Annotator "NA"]
[PlyCount "82"]
[EventDate "2019.07.27"]
[EventType "swiss"]
[EventCountry "GBR"]
[SourceTitle "playchess.com"]
[Source "ChessBase"]
[SourceQuality "1"]
[TimeControl "40/5400+30:1800+30"]

1. e4 g6 2. d4 Bg7 3. f4 c5 4. Nf3 cxd4 5. Nxd4 Nc6 6. e5 Nxd4 7. Qxd4 d6 8. Bb5+ Bd7 9. Bxd7+ Qxd7 10. O-O dxe5 11. Qxd7+ Kxd7 12. f5 gxf5 13. Rf3 f4 14. Rxf4 Ke6 15. Rf1 Nf6 16. Nc3 Rac8 17. Be3 a6 18. Rad1 Rhd8 19. h3 Rd7 20. g4 Rc4 21. g5 Rxd1 22. Rxd1 Nd7 23. Rd2 f5 24. gxf6 exf6 25. Nd5 Bf8 26. b3 Rc8 27. Kg2 Bd6 28. c4 f5 29. Kf3 b5 30. cxb5 axb5 31. b4 Rc4 32. a3 h5 33. Ba7 f4 34. Ke2 e4 35. Bg1 Be5 36. Kd1 e3 37. Rd3 Nf6 38. Nxf6 Bxf6 39. Bh2 Kf5 40. Rd5+ Ke4 41. Rxb5 f3 0-1